 Dungeon Crawl Stone Soup version 0.18-a0-1805-g8ab820f (webtiles) character file.

12327 inmateoo the Grappler (level 11, 0/107 HPs)
             Began as a Troll Summoner on Apr 26, 2016.
             Was an Elder of Cheibriados.
             Slain by a frost giant
             ... wielding a +0 battleaxe of freezing
              (29 damage)
             ... on level 11 of the Dungeon.
             The game lasted 00:17:34 (9101 turns).

inmateoo the Grappler (Troll Summoner)              Turns: 9101, Time: 00:17:35

Health: 0/107      AC: 14    Str: 30    XL:     11   Next: 61%
Magic:  9/14       EV: 22    Int: 20    God:    Cheibriados [****..]
Gold:   320        SH:  4    Dex: 25    Spells: 3 memorised, 6 levels left

rFire  . . .     SeeInvis .       - Unarmed
rCold  . . .     Gourm    +     a - +1 robe
rNeg   . . .     Faith    .     (no shield)
rPois  +         Spirit   .     (helmet restricted)
rElec  .         Dismiss  .     D - +0 cloak
rCorr  .         Reflect  +     (gloves unavailable)
SustAt .         Harm     .     (boots unavailable)
MR     .....     Rnd*Tele +     L - +4 amulet of reflection
Stlth  ++++......               y - +3 ring of protection
                                v - ring of poison resistance

@: agile, very slow, not resistant to hostile enchantments, stealthy
A: unfitting armour, beak, claws 3, hooves 1, rough black scales 1, thin
skeletal structure 1, fast metabolism 3, gourmand, regeneration 2, shaggy fur 1,
teleportitis 1, tough skin 2
a: Bend Time, Temporal Distortion, Slouch, Renounce Religion


You were on level 11 of the Dungeon.
You worshipped Cheibriados.
Cheibriados was greatly pleased with you.
You were completely stuffed.

You visited 1 branch of the dungeon, and saw 11 of its levels.

You collected 650 gold pieces.
You spent 330 gold pieces at shops.

Inventory:

Missiles
 s - a large rock (quivered)
Armour
 a - a +1 robe (worn)
 D - a +0 cloak (worn)
Jewellery
 i - a +3 ring of intelligence
 p - a +2 ring of dexterity
 v - a ring of poison resistance (left claw)
 y - a +3 ring of protection (right claw)
 E - an uncursed ring of wizardry {unknown}
 L - a +4 amulet of reflection (around neck)
Wands
 o - a wand of paralysis (18/24)
 u - a wand of confusion (24/48)
 x - a wand of confusion (18/48)
 G - a wand of random effects (18/48)
 H - a wand of confusion (24/48)
Scrolls
 e - 10 scrolls of remove curse
 h - 5 scrolls of teleportation
 m - 3 scrolls of enchant armour
 t - a scroll of amnesia
 C - 2 scrolls of recharging
 F - a scroll of identify
 M - 2 scrolls of fog
Potions
 d - 5 potions of brilliance
 j - 3 potions of lignification
 l - 3 potions of curing
 q - 3 potions of magic
 z - a potion of might {unknown}
 B - 2 potions of ambrosia {unknown}
Books
 b - a book of Callings

   Spells                             Type                      Level
   a - Summon Small Mammal            Summoning                    1
   b - Call Imp                       Summoning                    2
   c - Call Canine Familiar           Summoning                    3
   d - Summon Guardian Golem          Hexes/Summoning              3
   e - Summon Lightning Spire         Summoning/Air                4
   f - Summon Ice Beast               Ice/Summoning                4
 n - a book of Necromancy

   Spells                             Type                      Level
   a - Pain                           Necromancy                   1
   b - Animate Skeleton               Necromancy                   1
   c - Vampiric Draining              Necromancy                   3
   d - Regeneration                   Charms/Necromancy            3
   e - Animate Dead                   Necromancy                   4
   f - Control Undead                 Necromancy                   4
 w - a book of Misfortune

   Spells                             Type                      Level
   a - Confusing Touch                Hexes                        2
   b - Confuse                        Hexes                        3
   c - Gell's Gravitas                Hexes/Translocation          3
   d - Petrify                        Transmutation/Earth          4
   e - Metabolic Englaciation         Hexes/Ice                    5
   f - Yara's Violent Unravelling     Hexes/Transmutation          5
 I - a book of Envenomations

   Spells                             Type                      Level
   a - Spider Form                    Transmutation/Poison         3
   b - Olgreb's Toxic Radiance        Poison                       4
   c - Alistair's Intoxication        Transmutation/Poison         5
   d - Poisonous Cloud                Conjuration/Poison/Air       6
Comestibles
 c - 6 bread rations
 f - 3 slices of pizza
 g - 3 meat rations
 r - 2 beef jerkies
 A - 21 fruits


   Skills:
 + Level 6.9 Fighting
 * Level 2.1 Throwing
 + Level 3.0 Armour
 + Level 7.2 Dodging
 - Level 1.1 Stealth
 * Level 11.5 Unarmed Combat
 - Level 1.2 Spellcasting
 - Level 2.9 Summonings
 + Level 6.4 Invocations


You had 6 spell levels left.
You knew the following spells:

 Your Spells              Type           Power        Failure   Level  Hunger
a - Summon Small Mammal   Summ           ##..         6%          1    ##.....
b - Call Imp              Summ           ##......     10%         2    ###....
c - Regeneration          Chrm/Necr      #.........   61%         3    ####...


Dungeon Overview and Level Annotations

Branches:
Dungeon (11/15)            Temple (0/1) D:5            Lair (0/8) D:8
    Orc (0/2) D:11

Altars:
Cheibriados
Dithmenos
Fedhas
Gozag
Nemelex Xobeh
Sif Muna
Trog
Vehumet
Xom
The Shining One

Shops:
D:7 (:


Innate Abilities, Weirdness & Mutations

You are too large for most types of armour.
You have claws for hands.
Your metabolism is lightning-fast.
You like to eat raw meat.
You heal very quickly.
You are covered in fur (AC +1).
You have very tough skin (AC +2).
You have a beak for a mouth.
You have large cloven feet.
You are partially covered in rough black scales (AC +4, Dex -1).
You have a somewhat thin skeletal structure (Dex +2, Stealth).
You are occasionally teleported next to monsters.


Message History

Cheibriados thoroughly appreciates the change of pace.
Your Throwing skill increases to level 2!
Your Armour skill increases to level 3!
You feel somewhat less full.
Cheibriados lowers the support of your attributes as your movement quickens.
The hill giant hits you with a giant club!
* * * LOW HITPOINT WARNING * * *
Unknown command.
Unknown command.
Okay, then.
Read which item? (? for menu, Esc to quit)
Okay, then.
Drink which item? (? for menu, Esc to quit)
You feel agile all of a sudden.
The frost giant points at you and mumbles some strange words.
The bolt of cold misses you. The hill giant completely misses you.
Drink which item? (? for menu, Esc to quit)
You feel better.
The frost giant hits you with a battleaxe of freezing!!
You die...

.#######.######.####.#
#....###
..........#####.####.###
#.###.#.
#######................###.#
##.# #..##########.^#..##.#
#.# ##.# #(.#.##.....# #.#
########.# (..#.##..#### #.#
.........#
#'##.....#######.#
#######..#
#(C#.###.........# #..#
#@.#.# ###########
#..#######C##.#
#..#..'..'..#.#
#..'..#..#..#.#
#..##########.#
#.............#
#.....######### #######


You could see a frost giant and a hill giant.

Vanquished Creatures
  Snorg (D:11)
  Erolcha (D:11)
  A hydra (D:11)
  A death drake (shapeshifter) (D:11)
  An unseen horror (D:11)
  A hill giant (D:11)
  2 cyclopes (D:11)
  2 centaur zombies
  Joseph (D:8)
  A kobold demonologist (D:11)
  An efreet (D:11)
  2 trolls
  A vampire (D:11)
  3 yaks (D:9)
  Eustachio (D:5)
  A hippogriff (D:8)
  2 hungry ghosts
  A water moccasin (D:10)
  4 ice beasts
  2 sky beasts (D:7)
  An orc warrior (D:9)
  A black bear (D:7)
  A phantom (D:6)
  A necrophage (D:8)
  2 eyes of draining
  2 wolves (D:8)
  2 ogres
  3 centaurs
  5 giant frogs
  4 big kobolds
  A gnoll sergeant (D:9)
  A water moccasin skeleton (D:10)
  4 scorpions
  5 killer bees (D:11)
  3 wights (D:10)
  6 electric eels
  4 crimson imps
  A wasp zombie (D:10)
  A centaur skeleton (D:11)
  A giant frog zombie (D:10)
  6 orc priests
  A giant frog skeleton (D:4)
  10 hounds
  2 jellies
  15 orc wizards
  2 iguanas
  5 worker ants
  A statue (D:5)
  A hound zombie (D:9)
  Robin (D:3)
  7 gnolls
  6 adders
  2 shadow imps
  A worker ant simulacrum (D:11)
  An ooze (D:3)
  4 dart slugs
  5 giant geckos
  37 orcs
  2 ball pythons (D:6)
  5 bats
  5 giant cockroaches
  19 goblins
  9 hobgoblins
  17 jackals
  4 quokkas
  A giant gecko skeleton (D:6)
  A giant gecko zombie (D:7)
  5 giant newts
  A jackal skeleton (D:4)
  13 kobolds
  A quokka skeleton (D:5)
  A quokka zombie (D:9)
  10 rats
280 creatures vanquished.

Notes
Turn   | Place    | Note
--------------------------------------------------------------
     0 | D:1      | inmateoo the Troll Summoner began the quest for the Orb.
     0 | D:1      | Reached XP level 1. HP: 16/16 MP: 1/1
     2 | D:1      | Noticed a ghoul
     2 | D:1      | Noticed a vine stalker
     6 | D:1      | Noticed a demigod
     6 | D:1      | Noticed a tengu
     8 | D:1      | Noticed a felid
     8 | D:1      | Noticed an elf
    10 | D:1      | Noticed a dwarf
    12 | D:1      | Noticed a draconian
    12 | D:1      | Noticed a spriggan
    14 | D:1      | Noticed an ogre
    14 | D:1      | Noticed a troll
    16 | D:1      | Noticed a minotaur
    16 | D:1      | Noticed a gargoyle
    18 | D:1      | Noticed a formicid
    18 | D:1      | Noticed a human
    20 | D:1      | Noticed a merfolk
    20 | D:1      | Noticed a halfling
    22 | D:1      | Noticed an octopode
    22 | D:1      | Noticed a demonspawn
    24 | D:1      | Noticed a vampire
    26 | D:1      | Noticed a naga
    26 | D:1      | Noticed a centaur
   114 | D:1      | Reached skill level 1 in Unarmed Combat
   114 | D:1      | Reached XP level 2. HP: 21/24 MP: 2/2
   296 | D:1      | Found a sparkling altar of Nemelex Xobeh.
   881 | D:2      | Reached XP level 3. HP: 31/32 MP: 3/3
   887 | D:2      | Reached skill level 2 in Unarmed Combat
  1280 | D:2      | Found a deep blue altar of Sif Muna.
  1375 | D:2      | Found a bloodstained altar of Trog.
  1528 | D:2      | Reached skill level 1 in Fighting
  1880 | D:3      | Reached XP level 4. HP: 36/41 MP: 4/4
  2067 | D:3      | Reached skill level 3 in Unarmed Combat
  2162 | D:3      | Reached XP level 5. HP: 47/49 MP: 5/5
  2289 | D:3      | Learned a level 2 spell: Call Imp
  2536 | D:4      | Reached skill level 4 in Unarmed Combat
  2634 | D:4      | Noticed Eustachio
  2694 | D:4      | Noticed Robin
  2774 | D:3      | Killed Robin
  2775 | D:3      | Reached XP level 6. HP: 49/57 MP: 6/6
  3432 | D:4      | Reached skill level 5 in Unarmed Combat
  3461 | D:5      | Entered Level 5 of the Dungeon
  3528 | D:5      | Reached XP level 7. HP: 58/66 MP: 7/7
  3633 | D:5      | Found a radiant altar of Vehumet.
  3687 | D:5      | Found a snail-covered altar of Cheibriados.
  3738 | D:5      | Became a worshipper of Cheibriados the Contemplative
  3933 | D:5      | Found a staircase to the Ecumenical Temple.
  4027 | D:5      | Killed Eustachio
  4027 | D:5      | Reached skill level 6 in Unarmed Combat
  4079 | D:5      | Found a glowing golden altar of the Shining One.
  4086 | D:5      | Reached XP level 8. HP: 78/78 MP: 8/8
  4361 | D:6      | Reached * piety under Cheibriados
  4448 | D:6      | Reached skill level 7 in Unarmed Combat
  4457 | D:6      | Reached skill level 1 in Invocations
  4589 | D:6      | Found an opulent altar of Gozag.
  4785 | D:7      | Found Wentysk's Book Shoppe.
  4789 | D:7      | Found a shimmering altar of Xom.
  4790 | D:7      | Bought a book of Necromancy for 330 gold pieces
  4794 | D:7      | Learned a level 3 spell: Regeneration
  4879 | D:7      | Gained mutation: You have a somewhat thin skeletal structure (Dex +2, Stealth). [mutagenic meat]
  4880 | D:7      | Gained mutation: You have a beak for a mouth. [mutagenic meat]
  4881 | D:7      | Gained mutation: You are partially covered in rough black scales (AC +4, Dex -1). [mutagenic meat]
  4882 | D:7      | Gained mutation: You are occasionally teleported next to monsters. [mutagenic meat]
  4884 | D:7      | Gained mutation: You have large cloven feet. [mutagenic meat]
  4921 | D:8      | Noticed Joseph
  4929 | D:8      | Killed Joseph
  5018 | D:8      | Reached skill level 8 in Unarmed Combat
  5018 | D:8      | Reached XP level 9. HP: 85/85 MP: 9/9
  5044 | D:7      | Found a shadowy altar of Dithmenos.
  5116 | D:7      | Found Dorut's Antique Weapon Emporium.
  5172 | D:7      | Reached skill level 5 in Dodging
  5325 | D:7      | Reached ** piety under Cheibriados
  5555 | D:7      | Found Buicir's Assorted Antiques.
  5633 | D:7      | Reached skill level 5 in Fighting
  5790 | D:8      | Found a staircase to the Lair.
  5871 | D:8      | Noticed a troll
  5875 | D:8      | Killed a troll
  5875 | D:8      | Reached skill level 9 in Unarmed Combat
  6364 | D:9      | Reached *** piety under Cheibriados
  6772 | D:9      | Reached XP level 10. HP: 66/97 MP: 12/12
  7182 | D:10     | Entered Level 10 of the Dungeon
  7306 | D:10     | Reached skill level 10 in Unarmed Combat
  7331 | D:10     | Reached **** piety under Cheibriados
  7905 | D:11     | Reached skill level 5 in Invocations
  8048 | D:11     | Reached ***** piety under Cheibriados
  8128 | D:11     | Noticed a hill giant
  8134 | D:11     | Killed a hill giant
  8134 | D:11     | Reached skill level 1 in Armour
  8311 | D:11     | Found a runed door.
  8311 | D:11     | Noticed a four-headed hydra
  8359 | D:11     | Killed an unseen horror
  8398 | D:11     | Reached XP level 11. HP: 107/107 MP: 11/14
  8534 | D:11     | Noticed Erolcha
  8541 | D:11     | Killed Erolcha
  8559 | D:11     | Found a blossoming altar of Fedhas.
  8617 | D:11     | Found a snail-covered altar of Cheibriados.
  8621 | D:11     | Noticed Snorg
  8623 | D:11     | Reached skill level 11 in Unarmed Combat
  8630 | D:11     | Killed Snorg
  8740 | D:11     | Reached skill level 1 in Throwing
  8908 | D:11     | Killed a four-headed hydra
  8977 | D:11     | Found a staircase to the Orcish Mines.
  9093 | D:11     | Noticed a swamp dragon
  9093 | D:11     | a cyclops changed into a swamp dragon
  9094 | D:11     | Noticed a deep troll
  9094 | D:11     | a swamp dragon changed into a deep troll
  9095 | D:11     | Noticed a death drake
  9095 | D:11     | a deep troll changed into a death drake
  9097 | D:11     | Noticed a frost giant
  9098 | D:11     | Noticed a hill giant
  9099 | D:11     | Killed a death drake
  9101 | D:11     | Slain by a frost giant

Vault maps used:
D:1:      kb_arrival_jail, nemelex_xobeh_ov_fountains_minmay
D:2:      nicolae_overflow_crystal_walls, lemuel_blue_sif_altar
D:3:      kennysheep_decorative_pillar, minmay_misc_feat_iff,
          kennysheep_generic_room_14
D:4:      uniq_eustachio, uniq_robin
D:5:      lemuel_round_altar, cheibriados_altar_1, vehumet_statue,
          minmay_temple_entry_statues_pillars, first_bread
D:6:      grunt_gozag_breadcrumbs
D:7:      nicolae_overflow_hidden_temple, basic_altar, serial_shops, shop,
          kennysheep_mini, nicolae_shop_statue_plus
D:8:      erik_lair_island, uniq_joseph
D:11:     minmay_diamond_stairs, orc_0_dummy, basic_altar,
          hangedman_tree_tricks, minivault_13, uniq_erolcha, uniq_snorg

Skill      XL: |  1  2  3  4  5  6  7  8  9 10 11 |
---------------+----------------------------------+-----
Unarmed Combat | 1 2 3 4 5 6 8 9 10 11 | 11.5
Dodging        | 2 3 4 5 6 7 |  7.2
Fighting       | 1 2 3 4 5 6 |  6.9
Invocations    | 2 4 5 6 |  6.4
Armour         | 1 3 |  3.0
Throwing       | 2 |  2.1
Stealth        | |  1.1
Spellcasting   | |  1.2
Summonings     | |  2.9

Action                   |  1- 3 |  4- 6 |  7- 9 | 10-12 || total
-------------------------+-------+-------+-------+-------++-------
Melee: Unarmed           |   154 |   207 |   295 |   177 ||   833
       Punch             |       |     1 |     7 |    10 ||    18
       Kick              |       |       |    29 |    78 ||   107
       Peck              |       |       |    26 |    59 ||    85
Throw: Large rock        |       |       |       |    11 ||    11
Invok: Slouch            |       |       |       |     4 ||     4
Evoke: Wand              |       |       |     1 |     1 ||     2
  Use: Scroll            |     3 |     1 |     8 |     7 ||    19
       Potion            |       |     1 |     1 |     5 ||     7
 Stab: Sleeping          |       |       |     3 |     2 ||     5
       Paralysed         |       |       |     2 |       ||     2
  Eat: Chunk             |    19 |    17 |    38 |    19 ||    93
Armor: Robe              |    73 |    86 |    91 |    82 ||   332
       Skin              |       |       |    11 |       ||    11
Dodge: Dodged            |    76 |   146 |   137 |   157 ||   516
Block: Other             |       |       |       |    19 ||    19
       Reflection        |       |       |       |     1 ||     1
